General information
- name: BNet
- type: Ladder 1vs1/FFA
- host: Battle.net
- saver: FuN-PlaYeR-
map: TwistedMeadows
- players: 2
- length: 31:12
- speed: Fast
- version: 1.21 W3XP
- replay type: Public
» download(134 KB)
Players
team 1 (winner)
FuN-PlaYeR- (
blue | 126 APM | 3934 actions | 31:12)
6 Death Knight
3 Death Coil
3 Unholy Aura
6 Lich
3 Frost Nova
2 Dark Ritual
1 Death and Decay
» actions
| Assign group hotkey | 513 | |
| Basic commands | 7 | |
| Build / train | 94 | |
| Enter build submenu | 23 | |
| Enter hero's abilities submenu | 12 | |
| Give item / drop item | 5 | |
| Remove unit from queue | 1 | |
| Right click | 1501 | |
| Select / deselect | 452 | |
| Select group hotkey | 1166 | |
| Use ability | 160 | |
3934 total
» units
| Acolyte | 19 | |
| Ghoul | 8 | |
| Gargoyle | 8 | |
| Goblin Zeppelin | 2 | |
| Obsidian Statue | 7 | |
| Abomination | 4 | |
| Goblin Shredder | 1 | |
| Meatwagon | 1 | |
50 total
» upgrades
| Creature Attack | 3 | |
| Ghoul Frenzy | 1 | |
| Stone Form | 1 | |
| Unholy Strength | 2 | |
| Unholy Armor | 1 | |
| Disease Cloud | 1 | |
| Destroyer Form | 1 | |
10 total
» buildings
| Crypt | 2 | |
| Altar of Darkness | 1 | |
| Ziggurat | 7 | |
| Tomb of Relics | 1 | |
| Halls of the Dead | 1 | |
| Graveyard | 1 | |
| Black Citadel | 1 | |
| Necropolis | 2 | |
| Spirit Tower | 1 | |
| Slaughterhouse | 2 | |
| Sacrificial Pit | 1 | |
20 total
» build order
00:06 Crypt
00:08 Altar of Darkness
00:23 Ziggurat
01:05 Tomb of Relics
01:36 Ziggurat
03:08 Halls of the Dead
03:57 Graveyard
04:36 Crypt
04:38 Ziggurat
07:03 Ziggurat
07:37 Black Citadel
13:02 Necropolis
15:05 Ziggurat
15:06 Ziggurat
16:20 Spirit Tower
16:34 Slaughterhouse
18:46 Slaughterhouse
21:01 Necropolis
24:18 Sacrificial Pit
29:47 Ziggurat
» items
| Rod of Necromancy | 1 | |
| Dust of Appearance | 1 | |
| Staff of Teleportation | 1 | |
| Potion of Healing | 1 | |
| Orb of Corruption | 1 | |
| Scroll of Healing | 7 | |
| Scroll of Town Portal | 3 | |
15 total
team 2 (loser)
UndeR.STa (
orange | 143 APM | 4474 actions | 31:11)
5 Beastmaster
3 Summon Quilbeast
2 Summon Hawk
4 Pandaren Brewmaster
2 Breath of Fire
2 Drunken Haze
» actions
| Assign group hotkey | 71 | |
| Basic commands | 500 | |
| Build / train | 101 | |
| ESC pressed | 14 | |
| Enter build submenu | 21 | |
| Enter hero's abilities submenu | 9 | |
| Give item / drop item | 12 | |
| Right click | 1579 | |
| Select / deselect | 664 | |
| Select group hotkey | 1193 | |
| Use ability | 310 | |
4474 total
» units
| Wisp | 45 | |
| Archer | 7 | |
| Huntress | 2 | |
| Dryad | 8 | |
| Druid of the Claw | 4 | |
66 total
» upgrades
| Druid of the Claw Training | 2 | |
| Nature's Blessing | 1 | |
3 total
» buildings
| Moon Well | 6 | |
| Ancient of War | 1 | |
| Altar of Elders | 1 | |
| Hunter's Hall | 1 | |
| Tree of Ages | 1 | |
| Tree of Life | 3 | |
| Ancient of Lore | 4 | |
| Ancient Protector | 3 | |
| Ancient of Wonders | 1 | |
| Tree of Eternity | 1 | |
22 total
» build order
00:20 Moon Well
00:33 Ancient of War
00:42 Altar of Elders
01:23 Moon Well
03:42 Hunter's Hall
04:35 Moon Well
04:36 Tree of Ages
05:40 Moon Well
06:18 Tree of Life
07:01 Ancient of Lore
07:02 Ancient of Lore
07:06 Ancient Protector
07:08 Ancient of Wonders
08:37 Ancient of Lore
08:38 Ancient of Lore
13:10 Moon Well
13:12 Moon Well
14:06 Ancient Protector
14:17 Tree of Life
14:51 Tree of Eternity
14:57 Ancient Protector
18:46 Tree of Life
» items
| Scroll of Town Portal | 5 | |
| Staff of Preservation | 4 | |
| Lesser Clarity Potion | 2 | |
| Staff of Teleportation | 1 | |
| Boots of Speed | 1 | |
| Moonstone | 1 | |
| Orb of Venom | 1 | |
| Scroll of Healing | 1 | |
16 total
Chat log
(00:24 / All) UndeR.STa: hf
(00:28 / All) FuN-PlaYeR-: u2
(00:43 / All) FuN-PlaYeR-: canadian or american
(00:45 / All) FuN-PlaYeR-: ?
(00:45 / All) FuN-PlaYeR-: ^^
(00:48 / All) UndeR.STa: american
(00:51 / All) FuN-PlaYeR-: kek
(15:39 / All) UndeR.STa: pro
(15:46 / All) UndeR.STa: you almost have to press attack move and c n
(15:47 / All) UndeR.STa: !!
(15:53 / All) FuN-PlaYeR-: i actually focus
(15:58 / All) FuN-PlaYeR-: and you just suck
(15:59 / All) UndeR.STa: hard
(16:06 / All) UndeR.STa: dont act you like you can win
(16:10 / All) UndeR.STa: you're bad
(16:25 / All) UndeR.STa: rofl
(16:25 / All) UndeR.STa: rofl
(16:26 / All) UndeR.STa: rofl
(16:28 / All) UndeR.STa: you said i suck?
(16:32 / All) UndeR.STa: but you cant even move froma sheep
(16:33 / All) UndeR.STa: gfg
(16:37 / All) UndeR.STa: pathetic
(16:58 / All) UndeR.STa: runa way!
(16:59 / All) UndeR.STa: ;P
(18:22 / All) UndeR.STa: i admti that was noob
(18:28 / All) UndeR.STa: forgot to put weisps back in mine
(27:08 / All) FuN-PlaYeR-: good micro
(27:17 / All) UndeR.STa: thanks
(27:29 / All) UndeR.STa: that must of been hard
(27:37 / All) FuN-PlaYeR-: must have*
(27:44 / All) FuN-PlaYeR-: can't even talk your own language
(27:45 / All) UndeR.STa: must have*
(27:50 / All) UndeR.STa: sorry
(28:02 / All) UndeR.STa: you're kind of bad
(28:03 / All) UndeR.STa: imo
(28:09 / All) FuN-PlaYeR-: yeah
(28:16 / All) FuN-PlaYeR-: i just owned you the whole early game
(28:18 / All) UndeR.STa: if you dont win
(28:19 / All) FuN-PlaYeR-: canceled your lores
(28:20 / All) FuN-PlaYeR-: k
(28:22 / All) FuN-PlaYeR-: you just suck dude
(28:29 / All) UndeR.STa: nah
(28:32 / All) UndeR.STa: much better than you
(28:35 / All) FuN-PlaYeR-: right
(28:39 / All) FuN-PlaYeR-: cause you went 11-0 rt
(28:40 / All) FuN-PlaYeR-: !
(28:41 / All) UndeR.STa: its true
(28:42 / All) UndeR.STa: you're horrid
(28:47 / All) UndeR.STa: i went 11-0 rt?
(28:53 / All) UndeR.STa: im kind of messing around btw
(28:56 / All) FuN-PlaYeR-: sure
(28:58 / All) FuN-PlaYeR-: sure thing
(29:07 / All) FuN-PlaYeR-: didn't scout any of my 3 expos
(29:12 / All) UndeR.STa: rofl
(29:17 / All) UndeR.STa: you never had three expos
(29:20 / All) FuN-PlaYeR-: yes
(29:22 / All) FuN-PlaYeR-: 3 islands
(29:23 / All) UndeR.STa: nope
(29:31 / All) FuN-PlaYeR-: ah americans can't even count
(29:33 / All) FuN-PlaYeR-: cool
(29:41 / All) UndeR.STa: you probably jsut put them up
(29:44 / All) UndeR.STa: not any time soon
(29:53 / All) FuN-PlaYeR-: ignorance is a bliss
(30:40 / All) UndeR.STa: oh so
(30:49 / All) UndeR.STa: rofl
(30:52 / All) UndeR.STa: thats why you won
(30:56 / All) UndeR.STa: not like it was my micro
(31:05 / All) UndeR.STa: play me on a map thats not tm, thanks
(31:09 / All) FuN-PlaYeR-: like?
(31:10 / All) UndeR.STa: l8er